[Event "November 21 Late 2023"]
[Site "https://www.chess.com"]
[Date "2023.11.21"]
[Round "3"]
[White "Bjelobrk, Igor"]
[Black "Khismatullin, Denis"]
[Result "1/2-1/2"]
[Board "18"]
[TimeControl "180+1"]
[WhiteFideId "4300726"]
[BlackFideId "4142578"]
[WhiteElo "2319"]
[BlackElo "2552"]
[WhiteTeam "AUS"]
[BlackTeam "RUS"]
[WhiteClock "0:00:13"]
[BlackClock "0:00:08"]

1. d4 Nf6 2. c4 e6 3. g3 Bb4+ 4. Bd2 Be7 5. Bg2 d5 6. Nf3 O-O 7. O-O c6 8. Qc2 Nbd7 9. Rd1 a5 10. Bg5 h6 11. Bxf6 Nxf6 12. Nbd2 b6 13. e4 Bb7 14. Rac1 Rc8 15. e5 Nd7 16. cxd5 cxd5 17. Qd3 Nb8 18. h4 Qd7 19. Qb3 b5 20. Bf1 b4 21. a4 Rxc1 22. Rxc1 Rc8 23. Rxc8+ Qxc8 24. Bd3 Qc1+ 25. Kg2 Nc6 26. Qc2 Qxc2 27. Bxc2 Ba6 28. Nb3 Be2 29. Nfd2 g5 30. hxg5 hxg5 31. f3 Kg7 32. Kf2 Bc4 33. Ke3 f6 34. exf6+ Kxf6 35. Bd3 Bxd3 36. Kxd3 Bd6 37. g4 Bf4 38. Nf1 e5 39. Ne3 Bxe3 40. Kxe3 exd4+ 41. Kd3 Ke5 42. Nc5 Nd8 43. Nb3 Ne6 44. Nxa5 Nc5+ 45. Kd2 Nxa4 46. Nc6+ Kf4 47. Nxd4 Nxb2 48. Ne6+ Kxf3 49. Nxg5+ Kxg4 50. Ne6 Kf5 51. Nc7 Ke4 52. Kc2 Nc4 53. Kb3 Ne3 54. Kxb4 d4 55. Ne6 Nc2+ 56. Kc4 Na3+ 57. Kb3 d3 58. Nc5+ Kd4 59. Nxd3 1/2-1/2

[Event "November 21 Late 2023"]
[Site "https://www.chess.com"]
[Date "2023.11.21"]
[Round "3"]
[White "Zhurbinsky, David"]
[Black "Ibarra Jerez, Jose Carlos"]
[Result "0-1"]
[Board "19"]
[TimeControl "180+1"]
[WhiteFideId "2072904"]
[BlackFideId "2226332"]
[WhiteElo "2640"]
[BlackElo "2634"]
[WhiteTeam "USA"]
[BlackTeam "ESP"]
[WhiteClock "0:01:05"]
[BlackClock "0:01:12"]

1. e4 c5 2. Nf3 Nc6 3. c3 Nf6 4. e5 Nd5 5. d4 cxd4 6. cxd4 d6 7. Bc4 dxe5 8. dxe5 Be6 9. O-O g6 10. Re1 Bg7 11. Qe2 O-O 12. a3 Qb6 13. Nbd2 Rfd8 14. h3 Rac8 15. Nf1 Na5 16. Bxd5 Bxd5 17. Be3 Qe6 18. b4 Nc4 19. Bd4 Bxf3 20. Qxf3 Rxd4 21. Qxb7 Qd7 22. Qf3 Nxe5 0-1

[Event "November 21 Late 2023"]
[Site "https://www.chess.com"]
[Date "2023.11.21"]
[Round "3"]
[White "Zhigalko, Sergei"]
[Black "Feng, Eric"]
[Result "1-0"]
[Board "20"]
[TimeControl "180+1"]
[WhiteFideId "13502956"]
[BlackFideId "30952590"]
[WhiteElo "2616"]
[BlackElo "1785"]
[WhiteTeam "BLR"]
[BlackTeam "USA"]
[WhiteClock "0:02:10"]
[BlackClock "0:01:09"]

1. e4 c6 2. d4 d5 3. e5 c5 4. Nf3 Nc6 5. dxc5 Bg4 6. c3 e6 7. Be3 Nge7 8. Bb5 Nf5 9. Bxc6+ bxc6 10. Qa4 Nxe3 11. fxe3 Bxf3 12. Qxc6+ Ke7 13. Qb7+ Ke8 14. gxf3 Rc8 15. b4 Qh4+ 16. Kd1 Kd8 17. Nd2 Be7 18. Qxa7 Ke8 19. Qb7 Rd8 20. c6 d4 21. cxd4 1-0

[Event "November 21 Late 2023"]
[Site "https://www.chess.com"]
[Date "2023.11.21"]
[Round "3"]
[White "Gimenez Aguirre, Alejo Ismael"]
[Black "Shimanov, Aleksandr"]
[Result "0-1"]
[Board "21"]
[TimeControl "180+1"]
[WhiteFideId "32041667"]
[BlackFideId "4198603"]
[WhiteElo "2165"]
[BlackElo "2611"]
[WhiteTeam "ARG"]
[BlackTeam "RUS"]
[WhiteClock "0:00:52"]
[BlackClock "0:01:43"]

1. e4 e5 2. Nf3 Nc6 3. Bb5 a6 4. Ba4 Nf6 5. O-O b5 6. Bb3 Bc5 7. Re1 O-O 8. c3 d6 9. d4 Bb6 10. a4 Bg4 11. d5 Ne7 12. h3 Bd7 13. Bg5 Ng6 14. Nbd2 Qb8 15. c4 Qa7 16. Qe2 bxa4 17. Bxa4 Bxa4 18. Rxa4 Nh5 19. Rea1 Ngf4 20. Qf1 Ng3 21. Qe1 Bxf2+ 22. Qxf2 Nfe2+ 0-1

[Event "November 21 Late 2023"]
[Site "https://www.chess.com"]
[Date "2023.11.21"]
[Round "3"]
[White "Olsen, Filip Boe"]
[Black "Tactrics"]
[Result "0-1"]
[Board "22"]
[TimeControl "180+1"]
[WhiteFideId "1440640"]
[WhiteElo "2322"]
[BlackElo "2900"]
[WhiteTeam "DEN"]
[WhiteClock "0:00:09"]
[BlackClock "0:00:08"]

1. d4 e6 2. c4 Nf6 3. Nc3 Bb4 4. e3 O-O 5. Bd3 c5 6. Nf3 Bxc3+ 7. bxc3 d6 8. O-O Nc6 9. e4 e5 10. d5 Ne7 11. Qe2 h6 12. g3 Bh3 13. Rd1 Bg4 14. Qe3 Nh7 15. Be2 f5 16. exf5 Nxf5 17. Qe4 Nf6 18. Qc2 Qe8 19. Ne1 Qg6 20. Ng2 Qh5 21. Re1 Bxe2 22. Qxe2 Ng4 23. h4 Rf7 24. Qd1 Raf8 25. Re4 Nf6 26. Qxh5 Nxh5 27. Re2 Nf6 28. Bd2 Ng4 29. a4 Ne7 30. Be1 Rf3 31. a5 R8f7 32. Rb1 Ng6 33. h5 Nf8 34. Nh4 Rd3 35. Reb2 e4 36. Rxb7 Rd1 37. a6 Rxb1 38. Rxb1 e3 39. f4 Nd7 40. Rb7 Nb6 41. Ng6 Rxb7 42. axb7 Nd7 43. Ne7+ Kf7 44. Nc6 Kf6 45. b8=Q Nxb8 46. Nxb8 a5 47. Nd7+ Kf5 48. Nb6 Ke4 49. Kf1 Kf3 50. f5 Nf6 51. g4 Nxg4 52. Bh4 e2+ 53. Ke1 Ne3 54. Kd2 Nxf5 55. Be1 Ne3 56. Na4 Ng2 57. Nxc5 dxc5 58. d6 Nf4 59. d7 Ne6 60. Bh4 a4 61. d8=Q Nxd8 62. Bxd8 a3 63. Kc2 e1=Q 64. Bh4 Qxh4 65. Kb3 a2 66. Kxa2 Qxc4+ 67. Kb2 Qd3 68. Kb3 Ke4 69. Kb2 Kd5 70. Kb3 c4+ 71. Kb2 Qd2+ 72. Ka3 Qxc3+ 73. Ka4 Qb3+ 74. Ka5 Kc6 75. Ka6 Qb6# 0-1

[Event "November 21 Late 2023"]
[Site "https://www.chess.com"]
[Date "2023.11.21"]
[Round "3"]
[White "TheKnightOfBosnia"]
[Black "Kamsky, Gata"]
[Result "0-1"]
[Board "23"]
[TimeControl "180+1"]
[BlackFideId "2000024"]
[WhiteElo "2616"]
[BlackElo "2660"]
[BlackTeam "USA"]
[WhiteClock "0:00:00"]
[BlackClock "0:00:48"]

1. e4 c5 2. Nf3 e6 3. d4 cxd4 4. Nxd4 a6 5. Nc3 b5 6. a3 Bb7 7. Bd3 Qb6 8. Nf3 Nc6 9. O-O Nge7 10. Be3 Qd8 11. Qe2 Ng6 12. Rad1 Be7 13. Bc1 d6 14. b3 O-O 15. Qe3 Rc8 16. Bb2 Bf6 17. Ba1 Qa5 18. Be2 Qxa3 19. h4 Nb4 20. h5 Nxc2 21. Qd2 Nxa1 22. Rxa1 Qxb3 23. hxg6 Bxc3 24. gxh7+ Kh8 25. Qd3 Qc4 26. Qxc4 bxc4 27. Rac1 Bf6 28. Bxc4 Bxe4 29. Bxa6 Rxc1 30. Rxc1 Kxh7 31. Be2 Rb8 32. Rc7 Kg8 33. Nd2 Bg6 0-1

[Event "November 21 Late 2023"]
[Site "https://www.chess.com"]
[Date "2023.11.21"]
[Round "3"]
[White "Sjugirov, Sanan"]
[Black "Statham_l3"]
[Result "1-0"]
[Board "24"]
[TimeControl "180+1"]
[WhiteFideId "4189302"]
[WhiteElo "2569"]
[BlackElo "2604"]
[WhiteTeam "HUN"]
[WhiteClock "0:00:07"]
[BlackClock "0:00:03"]

1. d4 e6 2. c4 Nf6 3. Nf3 d5 4. g3 dxc4 5. Bg2 Nc6 6. Qa4 Bb4+ 7. Bd2 Nd5 8. Bxb4 Nxb4 9. O-O a6 10. Ne5 O-O 11. Nxc6 Nxc6 12. Bxc6 bxc6 13. Qxc4 Rb8 14. b3 a5 15. e3 Rb6 16. Rc1 e5 17. dxe5 Be6 18. Qd4 Qg5 19. Qf4 Qh5 20. Nc3 Rb4 21. e4 h6 22. Rd1 Bg4 23. Rd3 Be2 24. Rd2 Bg4 25. Re1 Be6 26. f3 Rbb8 27. Red1 Kh7 28. Ne2 f6 29. g4 Qh4 30. Qg3 Qxg3+ 31. Nxg3 fxe5 32. Kg2 a4 33. bxa4 Rb4 34. Rc1 Rxa4 35. Rxc6 Rxa2 36. Rxa2 Bxa2 37. Rxc7 Rd8 38. Nf5 Rd2+ 39. Kg3 Kg6 40. Rxg7+ Kf6 41. Rh7 Rd1 42. Rxh6+ Kg5 43. h4# 1-0

[Event "November 21 Late 2023"]
[Site "https://www.chess.com"]
[Date "2023.11.21"]
[Round "3"]
[White "Gavrilov, Maxim"]
[Black "mind1mover"]
[Result "0-1"]
[Board "25"]
[TimeControl "180+1"]
[WhiteFideId "24271454"]
[WhiteElo "2157"]
[BlackElo "2877"]
[WhiteTeam "RUS"]
[WhiteClock "0:00:00"]
[BlackClock "0:00:04"]

1. d4 Nc6 2. c4 e5 3. d5 Bb4+ 4. Bd2 Bxd2+ 5. Qxd2 Nce7 6. Nc3 d6 7. e4 f5 8. exf5 Bxf5 9. Bd3 Nf6 10. Nge2 O-O 11. Ng3 Bxd3 12. Qxd3 Ng6 13. O-O-O Ng4 14. Nce4 Nxf2 15. Nxf2 Rxf2 16. Rd2 Qg5 17. Ne4 Rxd2 18. Qxd2 Qg4 19. Qc2 Rf8 20. Re1 Nf4 21. g3 Nh3 22. Kb1 b6 23. Qa4 Qf3 24. Nc3 Qd3+ 25. Ka1 Ng5 26. a3 Nf3 27. Rd1 Qe3 28. Qxa7 Qc5 29. Qa4 Nxh2 30. Qc6 Qxc6 31. dxc6 Ng4 32. Nd5 Rf7 33. b4 Nf6 34. Ne3 Ne4 35. a4 Nc3 36. Rd3 Ne2 37. a5 bxa5 38. bxa5 Nd4 39. a6 Rf8 40. Ra3 Ra8 41. Nd5 Ra7 42. Nb4 g5 43. Kb2 h5 44. Re3 Kf7 45. Re1 g4 46. Rh1 Kg6 47. Kc3 Ne2+ 48. Kd2 Nxg3 49. Rb1 Ne4+ 50. Ke3 Nc5 51. Ra1 Kg5 0-1

[Event "November 21 Late 2023"]
[Site "https://www.chess.com"]
[Date "2023.11.21"]
[Round "3"]
[White "Pinto, Daniel"]
[Black "Rustemov, Alexander"]
[Result "0-1"]
[Board "26"]
[TimeControl "180+1"]
[WhiteFideId "3303144"]
[BlackFideId "4119002"]
[WhiteElo "2149"]
[BlackElo "2870"]
[WhiteTeam "BOL"]
[BlackTeam "RUS"]
[WhiteClock "0:00:00"]
[BlackClock "0:00:44"]

1. e4 e6 2. d4 d5 3. Nd2 dxe4 4. Nxe4 Bd7 5. Nf3 Bc6 6. Bd3 Nd7 7. O-O Ngf6 8. Qe2 Nxe4 9. Bxe4 Bxe4 10. Qxe4 c6 11. c4 Bd6 12. Bf4 Nf6 13. Qe3 Bxf4 14. Qxf4 O-O 15. b3 a5 16. a4 Qb6 17. Qe3 Rfd8 18. Rac1 h6 19. Rc3 Rac8 20. h3 c5 21. dxc5 Qxc5 22. Rd3 Qxe3 23. Rxe3 Nd7 24. g4 Nc5 25. Kg2 Rd6 26. Rfe1 Rcd8 27. Kg3 b6 28. h4 f6 29. R1e2 Kf7 30. g5 hxg5 31. hxg5 Rd3 32. Ne1 Rxe3+ 33. Rxe3 Rd1 34. gxf6 gxf6 35. Nf3 Rb1 36. Nd4 e5 37. Nb5 Rxb3 38. Nd6+ Ke6 39. Rxb3 Nxb3 40. Nc8 f5 41. Nxb6 Kd6 42. f4 e4 43. Nc8+ Ke6 44. Na7 Kd7 45. c5 Nxc5 46. Kf2 Nxa4 47. Ke3 Nc5 48. Nb5 Ne6 49. Na3 Kc6 50. Nc4 a4 0-1

[Event "November 21 Late 2023"]
[Site "https://www.chess.com"]
[Date "2023.11.21"]
[Round "3"]
[White "Kovalev, Vladislav"]
[Black "Olsson, Linus"]
[Result "1-0"]
[Board "27"]
[TimeControl "180+1"]
[WhiteFideId "13504398"]
[BlackFideId "1706098"]
[WhiteElo "2539"]
[BlackElo "2222"]
[WhiteTeam "FID"]
[BlackTeam "SWE"]
[WhiteClock "0:00:12"]
[BlackClock "0:00:53"]

1. e4 e5 2. Nf3 Nc6 3. Bb5 a6 4. Ba4 Nf6 5. O-O b5 6. Bb3 Bc5 7. c3 d6 8. a4 Rb8 9. d4 Bb6 10. a5 Ba7 11. Be3 Ra8 12. h3 O-O 13. Nbd2 Bb7 14. Re1 h6 15. Qc2 exd4 16. Nxd4 Nxd4 17. cxd4 c5 18. dxc5 Bxc5 19. Bxc5 dxc5 20. e5 Nd5 21. Qxc5 Nf4 22. Ne4 Nd3 23. Qe3 Nxe1 24. Rxe1 Qxa5 25. Nd6 Qc7 26. Rc1 Qe7 27. f4 Rad8 28. Nf5 Qb4 29. Rc7 Bc8 30. Nd6 Rxd6 31. exd6 Qxd6 32. Rxf7 Kh8 33. Qe5 Qxe5 34. Rxf8+ Kh7 35. fxe5 Kg6 36. Rxc8 1-0

[Event "November 21 Late 2023"]
[Site "https://www.chess.com"]
[Date "2023.11.21"]
[Round "3"]
[White "Richter, Paul"]
[Black "Gokerkan, Cem Kaan"]
[Result "0-1"]
[Board "28"]
[TimeControl "180+1"]
[WhiteFideId "2046350"]
[BlackFideId "6336760"]
[WhiteElo "2533"]
[BlackElo "2365"]
[WhiteTeam "USA"]
[BlackTeam "TUR"]
[WhiteClock "0:00:00"]
[BlackClock "0:00:24"]

1. e4 c5 2. Nf3 d6 3. d4 cxd4 4. Nxd4 Nf6 5. Nc3 e5 6. Nb3 Be7 7. Be2 O-O 8. g4 Be6 9. g5 Nfd7 10. h4 a5 11. Bg4 a4 12. Nd2 a3 13. b3 Nc6 14. Bxe6 fxe6 15. Nc4 Nc5 16. Be3 b6 17. Qg4 Nd4 18. O-O-O b5 19. Bxd4 exd4 20. Nxb5 e5 21. c3 Rxf2 22. cxd4 Nxb3+ 23. Kb1 Qb8 24. Qe6+ Kh8 25. axb3 Qxb5 26. Rh3 Qb4 27. Qxe7 Re2 28. Rf3 Rg8 29. Nxd6 h5 30. g6 Rb8 31. Nf7+ Kg8 32. Nh6+ gxh6 33. Qxb4 Rxb4 34. Rc1 Rxd4 0-1

[Event "November 21 Late 2023"]
[Site "https://www.chess.com"]
[Date "2023.11.21"]
[Round "3"]
[White "Baches Garcia, Guillermo"]
[Black "Raja Rithvik R"]
[Result "0-1"]
[Board "29"]
[TimeControl "180+1"]
[WhiteFideId "2209764"]
[BlackFideId "35007394"]
[WhiteElo "2533"]
[BlackElo "2395"]
[WhiteTeam "ESP"]
[BlackTeam "IND"]
[WhiteClock "0:00:00"]
[BlackClock "0:01:57"]

1. d4 Nf6 2. Nf3 d5 3. Bg5 Ne4 4. Bf4 c5 5. dxc5 Nc6 6. e3 e6 7. Nbd2 Nxd2 8. Qxd2 Bxc5 9. Be2 O-O 10. O-O Qe7 11. Rfd1 Rd8 12. Ne5 Bd7 13. Nxd7 Rxd7 14. c3 Rad8 15. h3 Bd6 16. Bxd6 Rxd6 17. Rac1 a6 18. b3 g6 19. Qb2 h5 20. Rd2 Qf6 21. Rcd1 b5 22. a4 bxa4 23. bxa4 Rb8 24. Qa3 Qd8 25. Bxa6 Ne5 26. c4 Rxa6 27. cxd5 Nc4 28. Qd3 Qxd5 29. Qxd5 exd5 30. Rxd5 Rxa4 31. Rc5 Nb6 32. Rb1 Raa8 33. Rc7 Nd5 34. Rxb8+ Rxb8 35. Rd7 Nf6 36. Rd4 Re8 37. g4 hxg4 38. hxg4 Re4 39. Rd8+ Kg7 40. g5 Rg4+ 41. Kf1 Rxg5 42. Ke2 Rd5 0-1

[Event "November 21 Late 2023"]
[Site "https://www.chess.com"]
[Date "2023.11.21"]
[Round "3"]
[White "NigelDwarf"]
[Black "Eljanov, Pavel"]
[Result "0-1"]
[Board "30"]
[TimeControl "180+1"]
[BlackFideId "14102951"]
[WhiteElo "2528"]
[BlackElo "2598"]
[BlackTeam "UKR"]
[WhiteClock "0:00:47"]
[BlackClock "0:01:31"]

1. Nf3 c6 2. c4 d5 3. e3 Nf6 4. Nc3 a6 5. Qc2 e6 6. b3 c5 7. cxd5 exd5 8. d4 Nc6 9. Be2 cxd4 10. exd4 Bd6 11. O-O h6 12. Re1 O-O 13. h3 Re8 14. Be3 Nb4 15. Qb2 Bf5 16. Rac1 Nd3 17. Bxd3 Bxd3 18. Na4 Be4 19. Ne5 Qe7 20. Bf4 Ba3 21. Qc3 Bxc1 22. Qxc1 Rac8 23. Qb2 Rc2 24. Qa1 Qa3 25. Nc5 Qxa2 0-1

[Event "November 21 Late 2023"]
[Site "https://www.chess.com"]
[Date "2023.11.21"]
[Round "3"]
[White "Petukhov, Dmitry"]
[Black "Beerdsen, Thomas"]
[Result "0-1"]
[Board "31"]
[TimeControl "180+1"]
[WhiteFideId "4142748"]
[BlackFideId "1030108"]
[WhiteElo "2269"]
[BlackElo "2550"]
[WhiteTeam "RUS"]
[BlackTeam "NED"]
[WhiteClock "0:01:33"]
[BlackClock "0:02:27"]

1. e4 e5 2. Nf3 Nc6 3. Bb5 f5 4. d4 fxe4 5. Bxc6 dxc6 6. Nxe5 Nf6 7. O-O Bd6 8. Nc3 O-O 9. Qe2 Qe7 10. Nxe4 Bxe5 11. dxe5 Qxe5 12. Nxf6+ Qxf6 13. c3 Be6 14. Be3 Rae8 15. Bd4 Qg6 16. Qe5 Bc4 17. Qxc7 Bxf1 18. Rxf1 Rf7 19. Qa5 b6 20. Qa4 Qe4 21. g3 c5 22. f3 Qe2 23. Bf2 Rxf3 24. Qc6 Ref8 0-1

[Event "November 21 Late 2023"]
[Site "https://www.chess.com"]
[Date "2023.11.21"]
[Round "3"]
[White "Bazeev, German"]
[Black "Lebedev, Artem S."]
[Result "1-0"]
[Board "32"]
[TimeControl "180+1"]
[WhiteFideId "24119350"]
[BlackFideId "34272747"]
[WhiteElo "2418"]
[BlackElo "1952"]
[WhiteTeam "RUS"]
[BlackTeam "RUS"]
[WhiteClock "0:00:15"]
[BlackClock "0:00:00"]

1. d4 Nf6 2. Nf3 c5 3. d5 e6 4. c4 d6 5. Nc3 exd5 6. cxd5 g6 7. h3 Bg7 8. e4 O-O 9. Bd3 Re8 10. O-O Nbd7 11. Bf4 c4 12. Bc2 Nc5 13. Re1 b5 14. a3 Qb6 15. Be3 a5 16. Bd4 Bd7 17. e5 dxe5 18. Nxe5 Rad8 19. Qf3 Qd6 20. a4 b4 21. Nxc4 Qa6 22. Nb5 Bxb5 23. axb5 Qxb5 24. Bxf6 Qxc4 25. Bxd8 Rxd8 26. Rac1 Qxd5 27. Rcd1 Qa8 28. Rxd8+ Qxd8 29. Qc6 Ne6 30. Bb3 Nd4 31. Re8+ Bf8 32. Rxd8 Nxc6 33. Rd7 Ne5 34. Ra7 Nd3 35. Bxf7+ Kh8 36. b3 Nc5 37. Rxa5 Kg7 38. Bc4 Kf6 39. Ra8 Be7 40. g3 Ke5 41. Rh8 h5 42. Rg8 Kf6 43. Kg2 g5 44. Rh8 h4 45. gxh4 gxh4 46. Rxh4 Ke5 47. Rg4 Ne4 48. h4 Nd2 49. h5 Kf5 50. f3 Nxc4 51. Rxc4 Kg5 52. h6 Kxh6 53. Rg4 Kh5 54. Kf2 Bd6 55. Ke2 Bc5 56. Kd3 Bd6 57. Kc4 Be7 58. Kb5 Bd6 59. Rxb4 1-0

[Event "November 21 Late 2023"]
[Site "https://www.chess.com"]
[Date "2023.11.21"]
[Round "3"]
[White "Bashylina, Luisa"]
[Black "Maksimovic, Bojan"]
[Result "0-1"]
[Board "33"]
[TimeControl "180+1"]
[WhiteFideId "12983292"]
[BlackFideId "14408120"]
[WhiteElo "2067"]
[BlackElo "2546"]
[WhiteTeam "GER"]
[BlackTeam "BIH"]
[WhiteClock "0:00:03"]
[BlackClock "0:00:49"]

1. d4 a6 2. g3 c5 3. d5 e5 4. Bg2 d6 5. c4 Be7 6. e4 Bg5 7. Ne2 Bxc1 8. Qxc1 Nf6 9. Nbc3 h5 10. h3 h4 11. Qd2 Nbd7 12. gxh4 Rxh4 13. Ng3 Nf8 14. Qg5 Ng6 15. Nf5 Bxf5 16. exf5 Rh5 17. Qe3 Rxf5 18. Ne4 Nf4 19. Nxf6+ Qxf6 20. Be4 Rh5 21. O-O-O g6 22. Kb1 Kf8 23. Qg3 Kg7 24. Bf3 Rh6 25. Bg4 Rah8 26. Rdg1 Qe7 27. Re1 Qh4 28. Qf3 f5 29. Rhg1 fxg4 30. Rxg4 Qf6 31. Reg1 Rxh3 32. Qe4 R8h6 33. b3 Kf7 34. Rg5 Rh1 35. Rxh1 Qxg5 36. Re1 Qf5 0-1

[Event "November 21 Late 2023"]
[Site "https://www.chess.com"]
[Date "2023.11.21"]
[Round "3"]
[White "Pakleza, Zbigniew"]
[Black "Willy, Stephen"]
[Result "1-0"]
[Board "34"]
[TimeControl "180+1"]
[WhiteFideId "1119290"]
[BlackFideId "30981468"]
[WhiteElo "2410"]
[BlackElo "2139"]
[WhiteTeam "POL"]
[BlackTeam "USA"]
[WhiteClock "0:00:07"]
[BlackClock "0:00:07"]

1. d4 d5 2. Bf4 Nf6 3. e3 Bf5 4. c4 e6 5. Nc3 Bb4 6. Bd3 Ne4 7. Ne2 g5 8. Be5 f6 9. Bg3 h5 10. h4 Nc6 11. cxd5 Qxd5 12. f3 Bxc3+ 13. Nxc3 Nxc3 14. bxc3 Qa5 15. O-O O-O-O 16. Bxf5 exf5 17. Qb3 Rhe8 18. Rab1 Qa6 19. Rfe1 Na5 20. Qf7 Qc6 21. Qxh5 f4 22. exf4 Rxe1+ 23. Bxe1 Qe6 24. fxg5 Qxa2 25. Qg6 fxg5 26. hxg5 a6 27. Bg3 Qc4 28. Qf5+ Kb8 29. Qxa5 Rd5 30. Qxc7+ Qxc7 31. Bxc7+ Kxc7 32. f4 1-0

[Event "November 21 Late 2023"]
[Site "https://www.chess.com"]
[Date "2023.11.21"]
[Round "3"]
[White "Vasquez Schroeder, Rodrigo"]
[Black "Eggleston, Thomas A"]
[Result "1-0"]
[Board "35"]
[TimeControl "180+1"]
[WhiteFideId "3400042"]
[BlackFideId "412139"]
[WhiteElo "2582"]
[BlackElo "2169"]
[WhiteTeam "CHI"]
[BlackTeam "ENG"]
[WhiteClock "0:00:18"]
[BlackClock "0:00:00"]

1. e4 e6 2. d4 d5 3. Nc3 Nf6 4. e5 Nfd7 5. Nce2 c5 6. c3 Nc6 7. f4 Be7 8. a3 O-O 9. Nf3 f6 10. h4 Qb6 11. b4 cxd4 12. cxd4 a5 13. b5 Qxb5 14. Nc3 Qb6 15. Rb1 Qd8 16. Nb5 b6 17. Bd3 Na7 18. Bxh7+ Kxh7 19. Ng5+ Kg6 20. f5+ exf5 21. h5+ Kh6 22. Ne6+ Kh7 23. Nxd8 Bxd8 24. Nxa7 Rxa7 25. Bf4 fxe5 26. dxe5 Nc5 27. Be3 d4 28. Bf4 Ba6 29. Rh3 d3 30. Qf3 d2+ 31. Bxd2 Nd3+ 32. Kd1 Nxe5 33. Qg3 f4 34. Qc3 Bf6 35. h6 g5 36. Rxb6 Ng4 37. Qc2+ Kh8 38. Bc3 Nf2+ 39. Qxf2 Rd8+ 40. Bd2 Bc3 41. Rxc3 1-0

[Event "November 21 Late 2023"]
[Site "https://www.chess.com"]
[Date "2023.11.21"]
[Round "3"]
[White "Saim, Mohamed Ilias"]
[Black "Xu, Yi"]
[Result "0-1"]
[Board "36"]
[TimeControl "180+1"]
[WhiteFideId "7900465"]
[BlackFideId "8605564"]
[WhiteElo "2063"]
[BlackElo "2460"]
[WhiteTeam "ALG"]
[BlackTeam "CHN"]
[WhiteClock "0:00:00"]
[BlackClock "0:00:27"]

1. d4 Nf6 2. Bg5 d5 3. Bxf6 gxf6 4. e3 c5 5. dxc5 Nc6 6. Nf3 e5 7. Nc3 Be6 8. Qd2 Bxc5 9. O-O-O Bb4 10. a3 Bxc3 11. Qxc3 Rc8 12. Bb5 Qb6 13. Ba4 O-O 14. Qd2 Rfd8 15. Nh4 Na5 16. Qb4 Rc4 17. Qe7 Rxh4 18. Be8 Kg7 19. e4 Rxe4 20. Rd3 Rg4 21. Rg3 Rxg3 22. hxg3 Qd6 23. Rxh7+ Kxh7 24. Qxf6 Rxe8 25. g4 Rc8 26. g5 Qf8 27. g6+ fxg6 28. Qxe6 Rxc2+ 29. Kxc2 Qf5+ 0-1

[Event "November 21 Late 2023"]
[Site "https://www.chess.com"]
[Date "2023.11.21"]
[Round "3"]
[White "Carlsen, Magnus"]
[Black "Orphanator2009"]
[Result "1-0"]
[Board "37"]
[TimeControl "180+1"]
[WhiteFideId "1503014"]
[WhiteElo "2887"]
[BlackElo "2227"]
[WhiteTeam "NOR"]
[WhiteClock "0:02:24"]
[BlackClock "0:00:48"]

1. c4 Nf6 2. Nc3 e6 3. e4 d5 4. e5 d4 5. Nce2 Nfd7 6. f4 c5 7. Nf3 b6 8. g4 Bb7 9. Bg2 Be7 10. O-O Nc6 11. d3 Qc7 12. Ng3 O-O-O 13. a3 Kb8 14. Bd2 g6 15. Ne4 h5 16. g5 Bf8 17. Qe2 a5 18. Rfb1 Be7 19. Ne1 Na7 20. b4 axb4 21. axb4 Nc6 22. bxc5 Nxc5 23. Nc2 h4 24. Na3 Nxe4 25. Bxe4 Bxa3 26. Rxa3 Ne7 27. Ba5 Nc8 28. Bxb6 Nxb6 29. Rab3 Bxe4 30. Qxe4 Ka7 31. Ra3+ 1-0

[Event "November 21 Late 2023"]
[Site "https://www.chess.com"]
[Date "2023.11.21"]
[Round "3"]
[White "Lamard, Guillaume"]
[Black "Terry, Renato"]
[Result "1-0"]
[Board "38"]
[TimeControl "180+1"]
[WhiteFideId "600261"]
[BlackFideId "3803457"]
[WhiteElo "2409"]
[BlackElo "2572"]
[WhiteTeam "FRA"]
[BlackTeam "PER"]
[WhiteClock "0:00:22"]
[BlackClock "0:00:00"]

1. Nf3 Nf6 2. b3 d5 3. Bb2 Bg4 4. e3 c6 5. Be2 Nbd7 6. h3 Bxf3 7. Bxf3 e5 8. d3 Bd6 9. Nd2 Qe7 10. e4 Ba3 11. Bxa3 Qxa3 12. O-O d4 13. Bg4 O-O 14. Nc4 Qc5 15. Bxd7 Nxd7 16. a4 b5 17. Nd2 Rfe8 18. g3 Nf6 19. Kg2 h5 20. Nf3 g6 21. Qd2 Nh7 22. Ra2 Re6 23. Rfa1 Kg7 24. axb5 cxb5 25. Ra6 Rxa6 26. Rxa6 Rc8 27. Qa5 Qxc2 28. Rxa7 Qc5 29. b4 Qc6 30. Rxf7+ Kg8 31. Qa7 Nf8 32. Nxe5 Qe6 33. Rg7+ Kh8 34. Re7 Qf6 35. Nf7+ Kg8 36. Nh6+ Kh8 37. Rf7 Qg5 38. Qxd4+ 1-0

[Event "November 21 Late 2023"]
[Site "https://www.chess.com"]
[Date "2023.11.21"]
[Round "3"]
[White "Muradli, Mahammad"]
[Black "Banzea, Alexandru-Bogdan"]
[Result "1-0"]
[Board "39"]
[TimeControl "180+1"]
[WhiteFideId "13409301"]
[BlackFideId "1232622"]
[WhiteElo "2551"]
[BlackElo "2294"]
[WhiteTeam "AZE"]
[BlackTeam "ROU"]
[WhiteClock "0:00:05"]
[BlackClock "0:00:05"]

1. g3 Nf6 2. Bg2 g6 3. b3 Bg7 4. Bb2 d6 5. f4 O-O 6. Nf3 e5 7. fxe5 Ng4 8. e4 Nxe5 9. Nxe5 Bxe5 10. d4 Bg7 11. O-O Nc6 12. c3 h5 13. Nd2 h4 14. g4 Qg5 15. h3 Bd7 16. Kh1 Rae8 17. Nf3 Qd8 18. Qd3 f5 19. exf5 gxf5 20. g5 f4 21. Rae1 Bf5 22. Qd2 Be4 23. Nxh4 d5 24. Rxf4 Rxf4 25. Qxf4 Bxg2+ 26. Nxg2 Rxe1+ 27. Nxe1 Qe7 28. Qd2 Qe4+ 29. Ng2 Ne7 30. Ba3 Ng6 31. Kh2 b6 32. Qe3 Qc2 33. Qe6+ Kh7 34. Qxd5 Qxc3 35. Qe4 Bxd4 36. h4 Be5+ 37. Kg1 Qa1+ 38. Kf2 Qxa2+ 39. Kf3 Qxa3 40. Ne3 Qe7 41. h5 Qf7+ 42. Ke2 Bd6 43. hxg6+ Qxg6 44. Qh4+ Kg7 45. Qd4+ Kg8 46. Qd5+ Qf7 47. Qa8+ Kg7 48. Qe4 Qg6 49. Nf5+ Kf7 50. Nh6+ Kg7 51. Qd4+ Kh7 52. Qe3 Qg7 53. Qe4+ Qg6 54. Qe3 Qg7 55. Kf3 Qe5 56. Qd3+ Kg7 57. Nf5+ Kf8 58. Kg4 Qf4+ 59. Kh5 Qe5 60. Nh6 Qe8+ 61. Kg4 Qe6+ 62. Nf5 Qe5 63. Qf3 Ke8 64. g6 Qf6 65. Kh5 Qe5 66. Kg5 Be7+ 67. Kg4 Qf6 68. Qa8+ Kd7 69. Qd5+ Ke8 70. Qg8+ Kd7 71. Qd5+ Ke8 72. g7 Qg6+ 73. Kf3 Bf6 74. g8=Q+ Qxg8 75. Qxg8+ Kd7 76. Qf7+ Kc6 77. Qxf6+ 1-0

[Event "November 21 Late 2023"]
[Site "https://www.chess.com"]
[Date "2023.11.21"]
[Round "3"]
[White "De La Colina, Nicolas"]
[Black "Pranesh M"]
[Result "1-0"]
[Board "40"]
[TimeControl "180+1"]
[WhiteFideId "30946921"]
[BlackFideId "35028600"]
[WhiteElo "2088"]
[BlackElo "2481"]
[WhiteTeam "USA"]
[BlackTeam "IND"]
[WhiteClock "0:00:27"]
[BlackClock "0:00:15"]

1. e4 e5 2. Nf3 Nc6 3. Bc4 Nf6 4. d4 exd4 5. O-O Nxe4 6. Re1 d5 7. Bxd5 Qxd5 8. Nc3 Qa5 9. Nxe4 Be6 10. Neg5 O-O-O 11. Nxe6 fxe6 12. Rxe6 Be7 13. Qe1 Qc5 14. Bf4 Bf6 15. Qd2 Qd5 16. Ree1 h6 17. Bg3 g5 18. Qd3 h5 19. h4 g4 20. Nd2 Rhf8 21. a3 Be5 22. Bxe5 Nxe5 23. Qe4 d3 24. Qxe5 dxc2 25. Qxd5 Rxd5 26. Nf1 g3 27. fxg3 Rb5 28. b4 a5 29. bxa5 Rxa5 30. Re2 Rc5 31. Rc1 c6 32. Rexc2 Re5 33. Rf2 Rfe8 34. Nd2 Ra5 35. Nc4 Rc5 36. Nd6+ Kd7 37. Rxc5 Re1+ 38. Kh2 Kxd6 39. Rxh5 Ra1 40. Rf3 c5 41. Rd3+ Kc6 42. Rf5 c4 43. Rdd5 b6 44. h5 Rxa3 45. h6 Ra7 46. Rh5 c3 47. Rd3 Rh7 48. Rxc3+ Kd6 49. Rb3 Kc7 50. Rf3 Kb7 51. Rf6 Ka6 52. Rg6 Rh8 53. Rg7 b5 54. h7 Ka5 55. Rg8 Rxh7 56. Rxh7 Kb4 57. Rc7 Kb3 58. Rb8 b4 59. g4 Ka3 60. g5 b3 61. g6 Ka2 62. g7 b2 63. g8=Q+ Kb1 64. Qg6+ Ka1 65. Ra7# 1-0